 Dungeon Crawl Stone Soup version 0.26-a0-712-ga5a9c9c9d0 (webtiles) character file.

Game seed: 6669280543521287502

103 luigi the Firebug (level 4, -2/31 HPs)
             Began as a Demonspawn Fire Elementalist on Nov 12, 2020.
             Slain by a worm (6 damage)
             ... on level 2 of the Dungeon.
             The game lasted 00:07:40 (3044 turns).

luigi the Firebug (Demonspawn Fire Elementalist)    Turns: 3044, Time: 00:07:40

Health: -2/31      AC:  3    Str:  9    XL:     4   Next: 51%
Magic:  2/8        EV: 12    Int: 17    God:
Gold:   75         SH:  0    Dex: 13    Spells: 4/8 levels left

rFire    . . .     SeeInvis .   c - +1 short sword
rCold    . . .     Faith    .   (no shield)
rNeg     . . .     Spirit   .   j - +0 leather armour
rPois    .         Reflect  .   (helmet restricted)
rElec    .         Harm     .   (no cloak)
rCorr    .         Rampage  .   (no gloves)
MR       .....                  (no boots)
Stlth    ++........             (no amulet)
HPRegen  0.10/turn              (no ring)
MPRegen  0.11/turn              (no ring)

@: no status effects
A: horns 1, rot immunity
a: no special abilities


You were on level 2 of the Dungeon.
You visited 1 branch of the dungeon, and saw 2 of its levels.

You collected 75 gold pieces.

Inventory:

Hand Weapons
 c - a +1 short sword (weapon)
Armour
 a - a +0 robe
 e - a +0 helmet
 j - a +0 leather armour (worn)
Jewellery
 i - an uncursed amulet of faith {unknown}
Wands
 h - a wand of iceblast (10)
Scrolls
 b - 2 scrolls of remove curse
 g - a scroll of identify
Potions
 d - a potion of heal wounds
 f - a potion of lignification {unknown}
 k - 2 potions of cancellation {unknown}
 l - a potion of invisibility {unknown}


   Skills:
 * Level 0.6 Fighting
 + Level 0.3 Short Blades
 * Level 3.0 Dodging
 + Level 2.0 Stealth
 + Level 0.1 Unarmed Combat
 * Level 2.6 Spellcasting
 + Level 1.6 Conjurations
 + Level 3.0 Fire Magic


You had 4 spell levels left.
You knew the following spells:

 Your Spells              Type           Power        Failure   Level
a - Foxfire               Conj/Fire      ##..         10%         1
b - Conjure Flame         Conj/Fire      ##......     28%         3

Your spell library contained the following spells:

 Spells                   Type           Power        Failure   Level
 Inner Flame              Hex/Fire       #.......     38%         3
 Sticky Flame             Conj/Fire      ##......     67%         4
 Fireball                 Conj/Fire      ##........   95%         5


Dungeon Overview and Level Annotations

Branches:
Dungeon (2/15)

Altars:


Innate Abilities, Weirdness & Mutations

You have a pair of small horns on your head.
You are immune to rotting.


Message History

The gnoll is almost dead.
The gnoll barely misses you.
You hit the gnoll but do no damage.
The gnoll is almost dead.
The gnoll misses you.
You hit the gnoll.
You kill the gnoll!
The worm bites you.
* * * LOW HITPOINT WARNING * * *
You see here a +0 spear.
You hit the worm.
The worm is moderately wounded.
You hit the worm.
You headbutt the worm, but do no damage.
The worm is heavily wounded.
The worm barely misses you.
You hit the worm.
The worm is heavily wounded.
The worm bites you.
You die...

#....#
#..*#...#*........
#...##
#.##w...#*##......
#...# #...g..#*
##..... #...#
#..§.⌠.# ###### #...#
#.#,,,,** #...#
#.#*,,,,*
#...########.#**,,,**
#...#.).....w# *,,,,*
#...########@# **,>,*
#...# #.# *,,,* #...#
#.# ***** #...# #.#
#...# #.#
#...########.#
#............#
##############


You could see a worm.

Vanquished Creatures
  3 gnolls (D:2)
  2 adders (D:2)
  2 worms (D:2)
  A dart slug (D:2)
  4 leopard geckos
  A giant cockroach (D:1)
  7 goblins
  A hobgoblin (D:1)
  7 jackals
  A quokka (D:2)
  A ball python (D:2)
  3 bats (D:1)
  3 frilled lizards (D:1)
  5 kobolds
  7 rats
48 creatures vanquished.

Vanquished Creatures (others)
  73 foxfires
73 creatures vanquished.

Grand Total: 121 creatures vanquished

Notes
Turn   | Place    | Note
-------+----------+-------------------------------------------
     0 | D:1      | luigi the Demonspawn Fire Elementalist began the quest for
                  | the Orb.
     0 | D:1      | Reached XP level 1. HP: 13/13 MP: 3/3
   528 | D:1      | Gained mutation: You have a pair of small horns on your
                  | head. [demonic ancestry]
   528 | D:1      | Reached XP level 2. HP: 19/19 MP: 0/5
  1547 | D:2      | Gained mutation: You are immune to rotting. [demonic
                  | ancestry]
  1547 | D:2      | Reached XP level 3. HP: 22/24 MP: 3/6
  2416 | D:2      | Learned a level 3 spell: Conjure Flame
  2654 | D:2      | Reached XP level 4. HP: 17/31 MP: 4/7
  3044 | D:2      | Slain by a worm

Illustrated notes

Levels and vault maps discovered:
D:1:      erik_arrival_cave_to_civilisation [erik_arrival_cave_to_hall],
          layout_basic, st_stairs_6
D:2:      layout_rooms, serial_co_window_serial, co_window_paths_b,
          co_window_corner_a, co_window_of_opportunity_a, co_window_paths_a,
          co_window_paths_b, co_window_corner_b, co_window_corner_b,
          co_window_unsneaky_path_a, co_window_broadway_a, glass_columns_a,
          glass_columns_c, glass_columns_a, grunt_ministairs_12

Skill      XL: |  1  2  3  4 |
---------------+-------------+-----
Dodging        | 2 3 |  3.0
Stealth        | 2 |  2.0
Fire Magic     | 3 |  3.0
Fighting       | |  0.6
Short Blades   | |  0.3
Unarmed Combat | |  0.1
Spellcasting   | |  2.6
Conjurations   | |  1.6

Action                   |  1- 3 |  4- 6 || total
-------------------------+-------+-------++-------
Melee: Unarmed           |    30 |       ||    30
       Short sword       |   105 |    11 ||   116
       Headbutt          |     8 |     2 ||    10
 Cast: Foxfire           |    42 |    15 ||    57
  Use: Scroll            |     5 |       ||     5
       Potion            |     2 |       ||     2
 Stab: Sleeping          |     3 |       ||     3
Armor: Robe              |    26 |       ||    26
       Leather armour    |       |     1 ||     1
Dodge: Dodged            |   101 |     4 ||   105

Table legend: (Time is in decaauts)
 A = Elapsed time spent in this place.
 B = Non-inter-level travel time spent in this place.
 C = Inter-level travel time spent in this place.
 D = Time resting spent in this place.
 E = Time spent auto-exploring this place.
 F = Levels seen in this place.
 G = Mean time per level.
                   A        B        C        D        E       F      G
               +--------+--------+--------+--------+--------+-----+--------+
         Total |   3053 |   2993 |     60 |   1427 |   1071 |   2 | 1526.5 |
       Dungeon |   3053 |   2993 |     60 |   1427 |   1071 |   2 | 1526.5 |
               +--------+--------+--------+--------+--------+-----+--------+

Top non-repeatable levels by time:
     D:2: 1544 daAuts
     D:1: 1509 daAuts
